 Dungeon Crawl Stone Soup version 0.28-a0-653-g7e9dba17c3 (webtiles) character file.

Game seed: 13872264480246351431

211 Gargoyl the Skirmisher (level 5, -2/47 HPs)
             Began as a Gnoll Abyssal Knight on Oct 12, 2021.
             Was a Follower of Lugonu.
             Killed by divine providence
             ... invoked by an orc priest
              (15 damage)
             ... on level 5 of the Dungeon.
             The game lasted 00:02:55 (2718 turns).

Gargoyl the Skirmisher (Gnoll Abyssal Knight)       Turns: 2718, Time: 00:02:56

Health: -2/47      AC:  5    Str: 14    XL:     5   Next: 88%
Magic:  8/8        EV: 16    Int: 15    God:    Lugonu [*.....]
Gold:   93         SH:  0    Dex: 12    Spells: 7/7 levels left

rFire   . . .      SeeInvis .   g - +3 quarterstaff (chaos)
rCold   . . .      Faith    .   (shield currently unavailable)
rNeg    . . .      Spirit   .   b - +0 leather armour
rPois   .          Reflect  .   (no helmet)
rElec   .          Harm     .   k - +1 cloak
rCorr   .          Rampage  .   (no gloves)
Will    .....                   (no boots)
Stlth   ++........              (no amulet)
HPRegen 0.15/turn               c - +4 ring of evasion
MPRegen 0.11/turn               i - +6 ring of intelligence

@: no status effects
A: fangs 1, strong nose, distributed training
a: Renounce Religion, Depart the Abyss


You were on level 5 of the Dungeon.
You worshipped Lugonu.
Lugonu was aware of your devotion.
You visited 1 branch of the dungeon, and saw 4 of its levels.
You visited the Abyss 1 time.

You collected 93 gold pieces.

Inventory:

Hand Weapons
 a - a +1 hand axe
 g - a +3 quarterstaff of chaos (weapon)
Armour
 b - a +0 leather armour (worn)
 k - a +1 cloak (worn)
Jewellery
 c - a +4 ring of evasion (left hand)
 i - a +6 ring of intelligence (right hand)
Wands
 l - a wand of flame (35)
Scrolls
 f - a scroll of teleportation {unknown}
 h - a scroll of brand weapon {unknown}
 j - a scroll of identify {unknown}
 m - 3 scrolls of fear {unknown}
Potions
 e - 2 potions of flight


   Skills:
 + Level 6.7 Fighting
 + Level 1.6 Short Blades
 + Level 1.6 Long Blades
 + Level 4.8 Axes
 + Level 1.6 Maces & Flails
 + Level 1.6 Polearms
 + Level 1.6 Staves
 + Level 1.6 Slings
 + Level 1.6 Bows
 + Level 1.6 Crossbows
 + Level 1.6 Throwing
 + Level 4.8 Armour
 + Level 3.1 Dodging
 + Level 1.6 Stealth
 + Level 1.6 Shields
 + Level 1.6 Unarmed Combat
 + Level 1.6 Spellcasting
 + Level 1.3 Conjurations
 + Level 1.3 Hexes
 + Level 1.3 Summonings
 + Level 1.3 Necromancy
 + Level 1.3 Translocations
 + Level 1.3 Transmutations
 + Level 1.3 Fire Magic
 + Level 1.3 Ice Magic
 + Level 1.3 Air Magic
 + Level 1.3 Earth Magic
 + Level 1.3 Poison Magic
 + Level 4.9 Invocations
 + Level 1.6 Evocations


You had 7 spell levels left.
You didn't know any spells.
Your spell library contained the following spells:

 Spells                   Type           Power      Damage    Failure   Level
 Dazzling Flash           Conj/Hex       10%        N/A       43%         3
 Iskenderun's Mystic Bla  Conj/Tloc      5%         2d3       85%         4
 Starburst                Conj/Fire      2%         6d3       100%        6


Dungeon Overview and Level Annotations

Branches:
Dungeon (5/15)
 Temple: D:4-7

Altars:

Annotations:
D:5 1 transporter


Innate Abilities, Weirdness & Mutations

You have very sharp teeth.
Your uncanny sense of smell can sniff out nearby items.
Your experience applies equally to all skills.


Message History

You open the door.
Found a dagger.
There is an open door here.
Found a dagger.
You see here a +0 dagger.
An orc comes into view. It is wielding a +0 hand axe.
An orc is nearby!
An orc is nearby! 3 orcs come into view.
The orc shouts! x3
An orc priest comes into view. It is wielding a +0 hand axe.
The orc priest shouts!
You closely miss the orc. The orc hits you with a +0 mace.
The orc hits you with a +0 flail.
The orc throws a boomerang.
The boomerang barely misses you.
There is an open door here.
You thump the orc!
You kill the orc!
Lugonu accepts your kill. The orc hits you with a +0 flail!
You see here a +0 mace.
There is an open door here.
You barely miss the orc. The orc closely misses you.
The orc hits you with a +0 flail!
You barely miss the orc. You bite the orc, but do no damage.
The orc hits you with a +0 flail.
You sock the orc! Lightning courses through the orc!
You kill the orc!
Lugonu accepts your kill.
The orc priest mumbles some strange prayers to Beogh against you.
Beogh smites you!
* * * LOW HITPOINT WARNING * * *
The orc barely misses you.
Okay, then.
As you read the scroll labelled MAHOSA KASTRI, it crumbles to dust.
It is a scroll of enchant armour.
Your +0 cloak glows green for a moment.
The orc priest calls down the wrath of Beogh upon you.
Beogh smites you!
You die...

#...............#
#...............#
#...............#
#...............#
#...............#
###+##.....†....#
#..........######
#...............#
+.....#@###.....#
#.....##o.#.....#
#....##)o.#.....#
########..o.#.....#
#...####..#)#.....#
#....###..#########
#....###..#
...#..##..#
..##..#..##


You could see an orc priest and 2 orcs.

Vanquished Creatures
  A scorpion (D:5)
  Crazy Yiuf (D:2)
  Natasha (thrice) (D:2)
  An adder (D:2)
  2 worms (D:2)
  2 orcs (D:5)
  3 bats
  3 endoplasms
  A giant cockroach (D:1)
  4 goblins (D:1)
  A hobgoblin (D:1)
  4 kobolds
  5 quokkas
  4 ball pythons (D:1)
  3 frilled lizards (D:1)
  3 rats
41 creatures vanquished.

Notes
Turn   | Place    | Note
-------+----------+-------------------------------------------
     0 | Abyss:1  | Gargoyl the Gnoll Abyssal Knight began the quest for the
                  | Orb.
     0 | Abyss:1  | Reached XP level 1. HP: 23/23 MP: 3/3
    51 | Abyss:1  | Noticed a quasit
    70 | Abyss:1  | Noticed a raiju
    70 | Abyss:1  | Noticed a raiju
    70 | Abyss:1  | Noticed a raiju
    70 | D:1      | Escaped the Abyss
   237 | D:1      | Reached * piety under Lugonu
   238 | D:1      | Reached XP level 2. HP: 28/29 MP: 5/5
   440 | D:1      | Found a faded altar of an unknown god.
   918 | D:1      | Reached XP level 3. HP: 19/35 MP: 6/6
  1417 | D:2      | Noticed Natasha
  1425 | D:2      | Killed Natasha
  1426 | D:2      | Reached skill level 1 in Short Blades
  1426 | D:2      | Reached skill level 1 in Long Blades
  1426 | D:2      | Reached skill level 1 in Maces & Flails
  1426 | D:2      | Reached skill level 1 in Polearms
  1426 | D:2      | Reached skill level 1 in Staves
  1426 | D:2      | Reached skill level 1 in Slings
  1426 | D:2      | Reached skill level 1 in Bows
  1426 | D:2      | Reached skill level 1 in Crossbows
  1426 | D:2      | Reached skill level 1 in Throwing
  1426 | D:2      | Reached skill level 1 in Stealth
  1426 | D:2      | Reached skill level 1 in Shields
  1426 | D:2      | Reached skill level 1 in Unarmed Combat
  1426 | D:2      | Reached skill level 1 in Spellcasting
  1426 | D:2      | Reached skill level 1 in Evocations
  1431 | D:2      | Noticed Natasha
  1442 | D:2      | Killed Natasha
  1443 | D:2      | Reached XP level 4. HP: 9/41 MP: 7/7
  1444 | D:2      | Reached skill level 1 in Conjurations
  1444 | D:2      | Reached skill level 1 in Hexes
  1444 | D:2      | Reached skill level 1 in Summonings
  1444 | D:2      | Reached skill level 1 in Necromancy
  1444 | D:2      | Reached skill level 1 in Translocations
  1444 | D:2      | Reached skill level 1 in Transmutations
  1444 | D:2      | Reached skill level 1 in Fire Magic
  1444 | D:2      | Reached skill level 1 in Ice Magic
  1444 | D:2      | Reached skill level 1 in Air Magic
  1444 | D:2      | Reached skill level 1 in Earth Magic
  1444 | D:2      | Reached skill level 1 in Poison Magic
  1688 | D:2      | Noticed Natasha
  1697 | D:2      | Killed Natasha
  1815 | D:2      | Reached XP level 5. HP: 40/47 MP: 8/8
  2066 | D:2      | Found a runed translucent door.
  2067 | D:2      | Noticed Crazy Yiuf
  2288 | D:2      | Killed Crazy Yiuf
  2578 | D:3      | You fall into a shaft and drop 2 floors!
  2578 | D:5      | Entered Level 5 of the Dungeon
  2578 | D:5      | Found a transporter.
  2718 | D:5      | Killed from afar by an orc priest

Illustrated notes

Levels and vault maps discovered:
D:1:      psy_arrival_heroes, layout_basic, ebering_ecumenical_altar_rust,
          minmay_box_of_dots
D:2:      layout_basic, uniq_natasha, uniq_crazy_yiuf_cottage
D:3:      layout_basic, grunt_temple_overflow_diamond
D:5:      gammafunk_cloud_chamber, layout_gridville, amcnicky_altar_gilded,
          grunt_ministairs_15, hangedman_glass_teeth, uniq_duvessa

Skill      XL: |  1  2  3  4  5 |
---------------+----------------+-----
Short Blades   | 1 |  1.6
Long Blades    | 1 |  1.6
Maces & Flails | 1 |  1.6
Polearms       | 1 |  1.6
Staves         | 1 |  1.6
Slings         | 1 |  1.6
Bows           | 1 |  1.6
Crossbows      | 1 |  1.6
Throwing       | 1 |  1.6
Stealth        | 1 |  1.6
Shields        | 1 |  1.6
Unarmed Combat | 1 |  1.6
Spellcasting   | 1 |  1.6
Evocations     | 1 |  1.6
Conjurations   | 1 |  1.3
Hexes          | 1 |  1.3
Summonings     | 1 |  1.3
Necromancy     | 1 |  1.3
Translocations | 1 |  1.3
Transmutations | 1 |  1.3
Fire Magic     | 1 |  1.3
Ice Magic      | 1 |  1.3
Air Magic      | 1 |  1.3
Earth Magic    | 1 |  1.3
Poison Magic   | 1 |  1.3
Dodging        | 3 |  3.1
Fighting       | |  6.7
Axes           | |  4.8
Armour         | |  4.8
Invocations    | |  4.9

Action                   |  1- 3 |  4- 6 || total
-------------------------+-------+-------++-------
Melee: Hand axe          |   114 |    44 ||   158
       Bite              |     6 |     5 ||    11
       Quarterstaff      |       |    13 ||    13
Invok: Depart the Abyss  |     1 |       ||     1
  Use: Potion            |       |     4 ||     4
       Scroll            |       |     1 ||     1
 Stab: Sleeping          |       |     1 ||     1
Armor: Leather armour    |    41 |     5 ||    46
Dodge: Dodged            |   125 |    37 ||   162

Table legend: (Time is in decaauts)
 A = Elapsed time spent in this place.
 B = Non-inter-level travel time spent in this place.
 C = Inter-level travel time spent in this place.
 D = Time resting spent in this place.
 E = Time spent auto-exploring this place.
 F = Levels seen in this place.
 G = Mean time per level.
                   A        B        C        D        E       F      G
               +--------+--------+--------+--------+--------+-----+--------+
         Total |   2749 |   2700 |     49 |    259 |   2005 |   5 |  549.8 |
       Dungeon |   2678 |   2629 |     49 |    259 |   1955 |   4 |  669.5 |
         Abyss |     70 |     70 |      0 |      0 |     50 |   1 |   70.0 |
               +--------+--------+--------+--------+--------+-----+--------+

Top non-repeatable levels by time:
     D:2: 1308 daAuts
     D:1: 1199 daAuts
     D:5: 142 daAuts
 Abyss:1: 70 daAuts
     D:3: 29 daAuts
